 Dungeon Crawl Stone Soup version 0.25-a0-50-gf0389da217 (console) character file.

Game seed: 13578943650697569427, levelgen mode: deterministic

1040 AlterAsc the Ruffian (level 8, -8/75 HPs)
             Began as a Troll Berserker on Oct 24, 2019.
             Was a Believer of Trog.
             Killed from afar by an electric eel (16 damage)
             ... with a bolt of electricity
             ... on level 6 of the Dungeon.
             The game lasted 00:32:29 (3488 turns).

AlterAsc the Ruffian (Troll Berserker)              Turns: 3488, Time: 00:32:29

Health: -8/75      AC:  9    Str: 28    XL:     8   Next: 4%
Magic:  7/7        EV: 11    Int:  3    God:    Trog [**....]
Gold:   183        SH:  0    Dex:  9    Spells: 7/7 levels left

rFire    . . .     SeeInvis .     - Unarmed
rCold    . . .     Gourm    +   (no shield)
rNeg     . . .     Faith    .   a - +0 animal skin
rPois    .         Spirit   .   (helmet restricted)
rElec    .         Reflect  .   J - +2 cloak {+Inv}
rCorr    .         Harm     .   (gloves unavailable)
MR       ++...                  (boots unavailable)
Stlth    +.........             C - amulet of magic regeneration
HPRegen  1.62/turn              (no ring)
MPRegen  0.35/turn              (no ring)

@: berserk cooldown, regenerating, slowed, glowing, very slow
A: large, unfitting armour, claws 3, fast metabolism 3, gourmand, regeneration
1, shaggy fur 1, tough skin 3
a: Berserk, Trog's Hand, Renounce Religion, Evoke Invisibility


You were on level 6 of the Dungeon.
You worshipped Trog.
Trog was pleased with you.
You were very full.

You visited 2 branches of the dungeon, and saw 7 of its levels.

You collected 243 gold pieces.
You spent 60 gold pieces at shops.

Inventory:

Hand Weapons
 c - a +1 flail of protection
 y - a +2 short sword of speed
 A - a cursed -2 scythe
 D - a +0 hunting sling
Missiles
 o - 63 arrows
 p - 166 stones (quivered)
 q - 61 sling bullets
 s - 54 poisoned darts
 w - 2 atropa-tipped darts
Armour
 a - a +0 animal skin (worn)
 B - a +2 robe of the Archmagi
 E - a +0 helmet
 J - a +2 cloak of invisibility (worn)
Jewellery
 C - an amulet of magic regeneration (around neck)
 L - an uncursed amulet of harm {unknown}
Wands
 x - a wand of polymorph (10)
 F - a wand of digging (3)
Scrolls
 d - 4 scrolls of identify
 e - a scroll of blinking {unknown}
 l - a scroll of immolation {unknown}
 m - 4 scrolls of teleportation
 n - 5 scrolls of remove curse
 u - a scroll of noise {unknown}
 v - a scroll of enchant armour {unknown}
 z - a scroll of fear {unknown}
 G - 3 scrolls of magic mapping {unknown}
 H - a scroll of vulnerability {unknown}
 I - 2 scrolls of enchant weapon {unknown}
Potions
 f - a potion of magic {unknown}
 g - a potion of mutation {unknown}
 h - a potion of cancellation {unknown}
 i - 3 potions of curing
 j - a potion of berserk rage {unknown}
 k - 2 potions of haste {unknown}
 r - a potion of brilliance {unknown}
 t - 2 potions of agility {unknown}
 K - a potion of lignification {unknown}
Comestibles
 b - 6 rations


   Skills:
 + Level 3.3 Fighting
 + Level 4.6 Dodging
 + Level 1.3 Stealth
 + Level 7.7 Unarmed Combat


You had 7 spell levels left.
You didn't know any spells.
Your spell library was empty.

Dungeon Overview and Level Annotations

Branches:
Dungeon (6/15)             Temple (1/1) D:5

Altars:
Ashenzari
Cheibriados
Dithmenos
Elyvilon
Fedhas
Gozag
Hepliaklqana
Kikubaaqudgha
Makhleb
Nemelex Xobeh
Okawaru
Qazlal
Ru
Sif Muna
Trog
Uskayaw
Vehumet
Wu Jian
Xom
Yredelemnul
Zin
The Shining One

Shops:
D:4 ?


Innate Abilities, Weirdness & Mutations

You are too large for most types of armour.
You have claws for hands.
Your metabolism is lightning-fast.
You like to eat raw meat.
Your natural rate of healing is unusually fast.
You are covered in fur. (AC +1)
You have extremely tough skin. (AC +3)


Message History

You claw the gnoll shaman!
You kill the gnoll shaman!
Trog accepts your kill.
You hear a splash. x2
The electric eel shoots out a bolt of lightning at you!
The bolt of electricity hits you!
* * * LOW HITPOINT WARNING * * *
The bolt of electricity hits the plant!
The plant is destroyed!
The electric eel shoots out a bolt of lightning at you!
The bolt of electricity hits you!
* * * LOW HITPOINT WARNING * * *
Things that are here:
a +0 club; a cursed -2 leather armour The electric eel shoots out a bolt of lightning at you!
The bolt of electricity hits the plant!
The bolt of electricity hits you.
* * * LOW HITPOINT WARNING * * *
The electric eel shoots out a bolt of lightning at you!
The bolt of electricity hits the plant!
The bolt of electricity hits you!
You die...

♣≈≈≈P≈≈≈≈P≈≈♣♣........
♣≈♣≈≈≈≈≈≈≈≈≈♣#.#######
♣≈≈♣≈P;≈♣≈≈♣♣..#
♣≈P≈≈♣≈≈P♣)≈♣###
♣≈≈≈P≈≈))♣≈#
♣P≈≈≈≈≈≈≈♣...
≈≈♣♣≈≈≈≈♣≈≈.###
♣≈)≈♣≈≈#.# ♣@♣♣≈.##.#
#.♣≈♣.....# #.
###.##.# #. .# # #. .#
#. # #. #.


You could see an electric eel.

Vanquished Creatures
  Sigmund (D:3)
  2 ogres
  2 bullfrogs (D:6)
  A scorpion (D:6)
  3 crimson imps
  2 hounds
  A bullfrog zombie (D:5)
  A gnoll shaman (D:6)
  Natasha (twice) (D:3)
  An orc wizard (D:3)
  A hound zombie (D:5)
  A worker ant zombie (D:4)
  A howler monkey zombie (D:5)
  9 gnolls
  4 adders
  2 oozes
  3 worms
  A dart slug (D:1)
  3 leopard geckos
  10 orcs
  A ball python (D:1)
  5 bats
  4 giant cockroaches
  5 goblins
  3 hobgoblins (D:1)
  2 jackals (D:6)
  2 kobolds
  3 quokkas
  A ball python zombie (D:5)
  5 frilled lizards
  2 quokka skeletons (D:4)
  5 rats
89 creatures vanquished.

Vanquished Creatures (others)
  2 plants (D:6)
2 creatures vanquished.

Grand Total: 91 creatures vanquished

Notes
Turn   | Place    | Note
-------+----------+-------------------------------------------
     0 | D:1      | AlterAsc the Troll Berserker began the quest for the Orb.
     0 | D:1      | Reached XP level 1. HP: 22/22 MP: 0/0
    48 | D:1      | Reached XP level 2. HP: 18/29 MP: 1/1
   321 | D:1      | Reached XP level 3. HP: 36/36 MP: 2/2
  1017 | D:2      | Found a radiant altar of Vehumet.
  1054 | D:2      | Reached ** piety under Trog
  1208 | D:2      | Reached XP level 4. HP: 44/44 MP: 3/3
  1216 | D:2      | Reached skill level 4 in Unarmed Combat
  1365 | D:3      | Reached XP level 5. HP: 52/52 MP: 4/4
  1486 | D:3      | Noticed Sigmund
  1621 | D:4      | Found Juhiv's Magic Scroll Emporium.
  1640 | D:4      | Bought a scroll of remove curse for 30 gold pieces
  1640 | D:4      | Bought a scroll of teleportation for 30 gold pieces
  1723 | D:4      | Noticed an ogre
  1726 | D:4      | Killed an ogre
  1726 | D:4      | Reached skill level 5 in Unarmed Combat
  1797 | D:4      | Reached XP level 6. HP: 59/61 MP: 5/5
  2094 | D:3      | Killed Sigmund
  2439 | D:3      | Noticed Natasha
  2448 | D:3      | Killed Natasha
  2448 | D:3      | Reached skill level 6 in Unarmed Combat
  2518 | D:3      | Noticed Natasha
  2527 | D:3      | Killed Natasha
  2563 | D:5      | Entered Level 5 of the Dungeon
  2579 | D:5      | Found a staircase to the Ecumenical Temple.
  2596 | D:5      | Reached XP level 7. HP: 67/67 MP: 6/6
  2996 | Temple   | Entered the Ecumenical Temple
  3146 | D:6      | Reached skill level 7 in Unarmed Combat
  3231 | D:6      | Reached *** piety under Trog
  3259 | D:6      | Reached skill level 1 in Stealth
  3478 | D:6      | Reached XP level 8. HP: 73/75 MP: 7/7
  3488 | D:6      | Killed from afar by an electric eel

Levels and vault maps discovered:
D:1:      zelgadis_glass_arrival_small, layout_basic, minmay_cut_off
D:2:      layout_rooms, vehumet_crystals
D:3:      layout_loops_ring, patterned_corridor, uniq_sigmund, uniq_natasha
D:4:      layout_rooms, serial_shops, shop_scrolls
D:5:      kb_forest_paths, layout_loops_ring, minmay_temple_entry_trees,
          first_ration
D:6:      layout_basic, serial_bayou_lake_a
Temple:   grunt_wide_crystal_templ

Skill      XL: |  1  2  3  4  5  6  7 |
---------------+----------------------+-----
Dodging        | 3 4 |  4.6
Unarmed Combat | 4 5 6 7 |  7.7
Fighting       | 3 |  3.3
Stealth        | 1 |  1.3

Action                   |  1- 3 |  4- 6 |  7- 9 || total
-------------------------+-------+-------+-------++-------
Melee: Unarmed           |    85 |   111 |    89 ||   285
       Punch             |     2 |     3 |     4 ||     9
Invok: Berserk           |       |     6 |     3 ||     9
       Trog's Hand       |       |     3 |     2 ||     5
  Use: Scroll            |       |       |     1 ||     1
 Stab: Sleeping          |       |     1 |     1 ||     2
  Eat: Chunk             |    12 |    18 |    14 ||    44
       Ration            |       |     1 |       ||     1
Armor: Animal skin       |    33 |    34 |    14 ||    81
Dodge: Dodged            |    33 |    36 |    41 ||   110

Table legend:
 A = Non-vault XP
 B = Vault XP
 C = Vault XP percentage of total XP
 D = Non-vault monster count
 E = Vault monster count
 F = Vault count percentage of total count
                 A         B        C        D         E       F
            +---------+---------+-------+---------+---------+-------
      Total |    1008 |     478 |  32.2 |      79 |      10 |  11.2
            +---------+---------+-------+---------+---------+-------
        D:1 |      29 |      26 |  47.3 |      16 |       4 |  20.0
        D:2 |      86 |       0 |   0.0 |      13 |       0 |   0.0
        D:3 |     138 |     243 |  63.8 |      23 |       2 |   8.0
        D:4 |     187 |       0 |   0.0 |       8 |       0 |   0.0
        D:5 |     109 |     209 |  65.7 |       5 |       4 |  44.4
        D:6 |     459 |       0 |   0.0 |      14 |       0 |   0.0
            +---------+---------+-------+---------+---------+-------
